 Dungeon Crawl Stone Soup version 0.23-a0-119-ga86c9e7 (webtiles) character file.

3469 Kuinu the Fighter (level 9, -9/127 HPs)
             Began as a Purple Draconian Berserker on Aug 23, 2018.
             Was an Elder of Trog.
             Mangled by a hornet (10 damage)
             ... while paralysed by a hornet
             ... on level 7 of the Dungeon on Aug 24, 2018.
             The game lasted 00:14:23 (5912 turns).

Kuinu the Fighter (Purple Draconian Berserker)      Turns: 5912, Time: 00:14:24

Health: -9/127     AC:  8    Str: 25    XL:     9   Next: 79%
Magic:  9/9        EV:  2    Int:  8    God:    Trog [****..]
Gold:   254        SH:  0    Dex: 13    Spells: 8/8 levels left

rFire    . . .     SeeInvis .   a - +0 falchion
rCold    . . .     Gourm    +   (no shield)
rNeg     . . .     Faith    .   (armour unavailable)
rPois    .         Spirit   .   (helmet restricted)
rElec    .         Reflect  .   (no cloak)
rCorr    +         Harm     .   (no gloves)
MR       +++..                  w - +0 pair of boots (curse)
Stlth    ..........             p - amulet of the gourmand
HPRegen  1.31/turn              n - ring of resist corrosion
MPRegen  0.11/turn              (no ring)

@: paralysed, berserking, lethally poisoned (-9 -> -9), regenerating, slowed
A: breathe power, unfitting armour, cold-blooded, AC +7
a: Breathe Dispelling Energy, Berserk, Trog's Hand, Brothers in Arms, Renounce
Religion


You were on level 7 of the Dungeon.
You worshipped Trog.
Trog was greatly pleased with you.
You were very full.

You visited 1 branch of the dungeon, and saw 7 of its levels.

You collected 254 gold pieces.

Inventory:

Hand Weapons
 a - a +0 falchion (weapon)
Armour
 w - a cursed +0 pair of boots (worn)
Jewellery
 l - an uncursed amulet of magic regeneration
 n - a ring of resist corrosion (left hand)
 o - an uncursed amulet of rage
 p - an amulet of the gourmand (around neck)
 I - a +4 amulet of reflection {unknown}
Wands
 v - a wand of flame (20)
 y - a wand of acid (10)
 B - a wand of polymorph (11)
 F - a wand of iceblast (12)
Scrolls
 c - 3 scrolls of teleportation {unknown}
 f - 2 scrolls of blinking
 g - 7 scrolls of remove curse {unknown}
 h - 3 scrolls of amnesia
 i - 2 scrolls of noise {unknown}
 q - 2 scrolls of fog {unknown}
 r - a scroll of enchant armour {unknown}
 t - 2 scrolls of enchant weapon {unknown}
 u - a scroll of fear {unknown}
 x - 2 scrolls of random uselessness {unknown}
 E - a scroll of immolation {unknown}
 J - a scroll of magic mapping {unknown}
Potions
 d - 2 potions of lignification
 e - 6 potions of haste
 j - 3 potions of curing
 k - 2 potions of heal wounds {unknown}
 m - 4 potions of agility
 s - 2 potions of resistance
 z - 3 potions of berserk rage
 A - a potion of invisibility {unknown}
 C - 2 potions of brilliance {unknown}
 D - a potion of might {unknown}
 G - a potion of ambrosia {unknown}
Comestibles
 b - 15 rations
 H - 11 chunks of flesh


   Skills:
 * Level 10.2 Fighting
 * Level 9.4 Long Blades
 + Level 6.3 Dodging


You had 8 spell levels left.
You didn't know any spells.
Your spell library was empty.

Dungeon Overview and Level Annotations

Branches:
Dungeon (7/15)
 Temple: D:4-7

Altars:
Elyvilon
Sif Muna
Trog
Xom

Annotations:
D:3 3 runed doors, digijack's ghost, weakling SpSk; wazuzu's ghost, amateur OpWz
D:5 1 runed door, PeterMcNeter's ghost, novice TrBe


Innate Abilities, Weirdness & Mutations

You can breathe bolts of dispelling energy.
Your rich purple scales are hard. (AC +7)
You cannot fit into any form of body armour.
You are cold-blooded and may be slowed by cold attacks.


Message History

The hornet stings you!
* * * LOW HITPOINT WARNING * * *
You feel as though you will be slow longer.
The hornet closely misses you. The hippogriff bites you!
* * * LOW HITPOINT WARNING * * *
The hippogriff completely misses you. The hippogriff closely misses you.
You hit the hornet.
Your tail-slap misses the hornet.
The hornet is moderately wounded.
You feel sick. The hornet stings you!
* * * LOW HITPOINT WARNING * * *
You feel as though you will be slow longer.
The hippogriff bites you.
* * * LOW HITPOINT WARNING * * *
The hippogriff closely misses you.
The hippogriff claws you but does no damage.
The hornet stings you.
* * * LOW HITPOINT WARNING * * *
You suddenly lose the ability to move!
You feel sick. The hornet stings you!
You die...

#.#†#'#.#
#.###.#.#.#.#
#...†..<#.#.#
#####...#.#.#
#.#...#.#
#.#####.#
#.....#.# ##
####.###.# #.
#....@y..# #.
#....H...# #.
#.......## #.
#.......# #.
#........ #.
#......... #.
#######...#
#. ...# ##


You could see a hippogriff and a hornet.

Vanquished Creatures
  Pikel (D:4)
  Sigmund (D:2)
  A hungry ghost (D:6)
  Edmund (D:6)
  Duvessa (D:4)
  An orc warrior (D:6)
  A sky beast (D:5)
  6 ogres
  A phantom (D:5)
  3 centaurs
  6 bullfrogs
  Dowan (D:4)
  3 scorpions
  A howler monkey (D:6)
  5 crimson imps
  3 hounds
  A jelly (D:5)
  3 orc wizards
  A centaur skeleton (D:5)
  3 orc priests
  Jessica (D:3)
  Natasha (twice) (D:3)
  2 bullfrog skeletons (D:5)
  4 worker ants
  A hound skeleton (D:4)
  2 worker ant zombies (D:5)
  Robin (D:4)
  3 adders
  A gnoll (D:1)
  A shadow imp (D:5)
  An adder zombie (D:6)
  An adder skeleton (D:4)
  A worm (D:2)
  3 leopard geckos
  24 orcs
  2 giant cockroaches
  22 goblins
  6 hobgoblins
  3 jackals (D:1)
  3 quokkas
  3 ball pythons
  7 bats
  A frilled lizard (D:4)
  5 kobolds
  10 rats
154 creatures vanquished.

Vanquished Creatures (others)
  A worker ant (D:4)
  A withered plant (D:3)
2 creatures vanquished.

Grand Total: 156 creatures vanquished

Notes
Turn   | Place    | Note
-------+----------+-------------------------------------------
     0 | D:1      | Kuinu the Draconian Berserker began the quest for the Orb.
     0 | D:1      | Reached XP level 1. HP: 19/19 MP: 1/1
   237 | D:1      | Reached XP level 2. HP: 22/26 MP: 2/2
   698 | D:1      | Reached ** piety under Trog
   779 | D:1      | Reached XP level 3. HP: 18/33 MP: 3/3
  1043 | D:1      | Reached skill level 4 in Fighting
  1327 | D:2      | Noticed Sigmund
  1328 | D:2      | You fall through a shaft!
  1328 | D:3      | Noticed Natasha
  1342 | D:3      | Killed Natasha
  1342 | D:3      | Reached XP level 4. HP: 16/41 MP: 4/4
  1772 | D:2      | Found a white marble altar of Elyvilon.
  1944 | D:2      | Killed Sigmund
  1944 | D:2      | Reached skill level 5 in Fighting
  1944 | D:2      | Reached XP level 5. HP: 48/48 MP: 5/5
  2328 | D:2      | Found a deep blue altar of Sif Muna.
  2435 | D:3      | Found a runed gate.
  2435 | D:3      | Found a runed gate.
  2435 | D:3      | Found a runed gate.
  2436 | D:3      | Noticed wazuzu's ghost (amateur OpWz)
  2436 | D:3      | Noticed digijack's ghost (weakling SpSk)
  2485 | D:3      | Noticed Jessica
  2490 | D:3      | Killed Jessica
  2490 | D:3      | Reached XP level 6. HP: 41/56 MP: 6/6
  2557 | D:3      | Reached skill level 5 in Long Blades
  2733 | D:3      | Noticed Natasha
  2745 | D:3      | Killed Natasha
  2794 | D:4      | Noticed Robin
  2809 | D:4      | Killed Robin
  2875 | D:3      | Reached skill level 6 in Fighting
  2875 | D:3      | Your scales start taking on a rich purple colour.
  2875 | D:3      | Reached XP level 7. HP: 34/63 MP: 7/7
  3214 | D:4      | Found a shimmering altar of Xom.
  3220 | D:4      | Noticed Pikel
  3236 | D:4      | Killed Pikel
  3236 | D:4      | Reached skill level 7 in Fighting
  3284 | D:4      | Noticed Duvessa
  3284 | D:4      | Noticed Dowan
  3304 | D:4      | Killed Duvessa
  3304 | D:4      | Reached XP level 8. HP: 55/73 MP: 8/8
  3309 | D:4      | Killed Dowan
  3454 | D:4      | Reached *** piety under Trog
  3644 | D:5      | Entered Level 5 of the Dungeon
  3732 | D:5      | Reached skill level 8 in Fighting
  3732 | D:5      | Reached skill level 5 in Dodging
  3826 | D:5      | Found a bloodstained altar of Trog.
  4387 | D:5      | Reached XP level 9. HP: 79/82 MP: 9/9
  4480 | D:5      | Reached skill level 9 in Fighting
  4482 | D:5      | Upgraded the game from 0.23-a0-115-g8d3be6a to 0.23-a0-119-ga86c9e7
  4494 | D:5      | Found a runed door.
  4494 | D:5      | Noticed PeterMcNeter's ghost (novice TrBe)
  4659 | D:6      | Noticed Edmund
  4673 | D:6      | Killed Edmund
  5042 | D:6      | Reached **** piety under Trog
  5729 | D:7      | Reached skill level 10 in Fighting
  5911 | D:7      | HP: 4/127 [hornet (9)]
  5911 | D:7      | HP: 1/127 [hornet (1)]
  5911 | D:7      | Paralysed by a hornet for 2 turns
  5912 | D:7      | Mangled by a hornet

Vault maps used:
D:1:      elethiomel_arrival_shortcut
D:2:      lemuel_blue_sif_altar, lemuel_doored_altar, kennysheep_generic_room_3,
          uniq_sigmund
D:3:      gammafunk_ghost_cemetery, uniq_jessica, uniq_natasha
D:4:      nicolae_overflow_crystal_walls, uniq_robin, uniq_pikel, uniq_duvessa
D:5:      lightli_temple_of_fire, first_ration, gammafunk_ghost_grave
D:6:      uniq_edmund
D:7:      minmay_temple_entry_fiery

Skill      XL: |  1  2  3  4  5  6  7  8  9 |
---------------+----------------------------+-----
Dodging        | 3 4 5 6 |  6.3
Fighting       | 4 5 6 7 8 10 | 10.2
Long Blades    | 4 5 6 8 9 |  9.4

Action                   |  1- 3 |  4- 6 |  7- 9 || total
-------------------------+-------+-------+-------++-------
Melee: Falchion          |    85 |   124 |   368 ||   577
       Tailslap          |    15 |    18 |    79 ||   112
Invok: Trog's Hand       |     1 |     4 |     5 ||    10
       Berserk           |     1 |     3 |     5 ||     9
 Abil: Breathe Dispellin |       |       |     4 ||     4
  Use: Scroll            |       |     4 |     3 ||     7
 Stab: Sleeping          |     2 |       |       ||     2
  Eat: Chunk             |     1 |    32 |    23 ||    56
Armor: Skin              |    31 |    31 |    75 ||   137
Dodge: Dodged            |    73 |    87 |   258 ||   418
       Rpst.: Falchion   |    23 |    25 |    79 ||   127

Table legend:
 A = Non-vault XP
 B = Vault XP
 C = Vault XP percentage of total XP
 D = Non-vault monster count
 E = Vault monster count
 F = Vault count percentage of total count
                 A         B        C        D         E       F
            +---------+---------+-------+---------+---------+-------
      Total |    3656 |    1300 |  26.2 |     133 |      21 |  13.6
            +---------+---------+-------+---------+---------+-------
        D:1 |      53 |       0 |   0.0 |      24 |       0 |   0.0
        D:2 |      36 |     214 |  85.6 |      13 |       2 |  13.3
        D:3 |     249 |      74 |  22.9 |      25 |       2 |   7.4
        D:4 |     323 |     846 |  72.4 |      12 |      16 |  57.1
        D:5 |    1206 |       0 |   0.0 |      28 |       0 |   0.0
        D:6 |    1037 |     166 |  13.8 |      18 |       1 |   5.3
        D:7 |     752 |       0 |   0.0 |      13 |       0 |   0.0
            +---------+---------+-------+---------+---------+-------
